 Dungeon Crawl Stone Soup version 0.24.0-10-g970556be89 (console) character file.

Game seed: 5990266077566918005, levelgen mode: deterministic

14154 AlterAsc the Grappler (level 12, -1/106 HPs)
             Began as an Octopode Transmuter on Nov 4, 2019.
             Was a High Priest of Sif Muna.
             Slain by a freezing wraith (2 damage)
             ... in an ice cave.
             The game lasted 00:40:58 (14816 turns).

AlterAsc the Grappler (Octopode Transmuter)        Turns: 14816, Time: 00:40:58

Health: -1/106     AC:  6    Str: 13    XL:     12   Next: 13%
Magic:  23/28      EV: 13    Int: 17    God:    Sif Muna [*****.]
Gold:   540        SH:  0    Dex: 12    Spells: 11/21 levels left

rFire    x . .     SeeInvis .     - Unarmed
rCold    + + +     Gourm    .   (shield currently unavailable)
rNeg     . . .     Faith    .   (helmet currently unavailable)
rPois    +         Spirit   .   F - amulet of the acrobat
rElec    .         Reflect  .   e - ring of magical power
rCorr    .         Harm     .   I - ring of wizardry
MR       .....                  (no ring)
Stlth    +.........             (no ring)
HPRegen  0.27/turn              (no ring)
MPRegen  0.21/turn              (no ring)
                                (no ring)
                                (no ring)

@: ice-form, slowed, very slow
A: large, almost no armour, stealthy swim, amphibious, 8 rings, (constrict 8)
a: End Transformation, Channel Magic, Forget Spell, Divine Exegesis, Renounce
Religion


You were in an ice cave.
You worshipped Sif Muna.
Sif Muna was extremely pleased with you.
You were not hungry.
You were a creature of crystalline ice.
You visited 3 branches of the dungeon, and saw 14 of its levels.
You also visited: Sewer and Ice Cave.

You collected 540 gold pieces.

Inventory:

Hand Weapons
 M - a +3 scimitar of flaming
Missiles
 a - 341 arrows
Armour
 N - a +0 robe
Jewellery
 e - a ring of magical power (left front paw)
 y - an uncursed ring of teleportation
 F - an amulet of the acrobat (around neck)
 I - a ring of wizardry (right front paw)
Wands
 n - a wand of random effects (24)
 w - a wand of flame (14)
 C - a wand of iceblast (1)
 G - a wand of acid (19)
 J - a wand of paralysis (5)
Scrolls
 g - 3 scrolls of teleportation
 i - 8 scrolls of enchant armour
 j - a scroll of identify
 k - 2 scrolls of enchant weapon
 o - 4 scrolls of immolation
 p - 4 scrolls of fear
 t - 3 scrolls of fog
 v - 4 scrolls of amnesia
 B - 2 scrolls of remove curse
 E - a scroll of magic mapping
 H - a scroll of random uselessness {unknown}
Potions
 b - a potion of berserk rage {unknown}
 d - 5 potions of curing
 f - 2 potions of degeneration {unknown}
 h - 4 potions of mutation
 l - 2 potions of agility {unknown}
 m - 3 potions of invisibility {unknown}
 q - a potion of lignification {unknown}
 r - 6 potions of might {unknown}
 s - 8 potions of heal wounds {unknown}
 u - a potion of resistance {unknown}
 x - 3 potions of magic {unknown}
 z - 3 potions of brilliance {unknown}
 A - a potion of flight {unknown}
 D - a potion of cancellation {unknown}
 K - a potion of haste {unknown}
 O - a potion of ambrosia {unknown}
Comestibles
 c - 15 rations


   Skills:
 * Level 10.7 Fighting
 + Level 6.5 Dodging
 * Level 11.5 Unarmed Combat
 - Level 5.0 Spellcasting
 - Level 8.0 Transmutations
 - Level 3.0 Ice Magic


You had 11 spell levels left.
You knew the following spells:

 Your Spells              Type           Power        Failure   Level  Hunger
a - Beastly Appendage     Tmut           ####..       1%          1    None
b - Sticks to Snakes      Tmut           ####....     1%          2    #......
c - Spider Form           Tmut/Pois      ###.......   3%          3    ###....
d - Ice Form              Ice/Tmut       ###.....     6%          4    ####...

Your spell library contained the following spells:

 Spells                   Type           Power        Failure   Level  Hunger
 Animate Skeleton         Necr           N/A          6%          1    None
 Apportation              Tloc           #.....       6%          1    None
 Confusing Touch          Hex            #.....       6%          1    None
 Pain                     Necr           #...         6%          1    None
 Summon Small Mammal      Summ           #...         6%          1    None
 Blade Hands              Tmut           ####......   6%          5    ######.
 Petrify                  Tmut/Erth      ###.....     11%         4    ####...
 Confuse                  Hex            #.......     16%         3    ###....
 Gell's Gravitas          Tloc           #.........   16%         3    ###....
 Regeneration             Chrm/Necr      #.........   16%         3    ###....
 Vampiric Draining        Necr           #.........   16%         3    ###....
 Yara's Violent Unravell  Hex/Tmut       ###.......   28%         5    ######.
 Animate Dead             Necr           N/A          45%         4    ####...
 Metabolic Englaciation   Hex/Ice        #.........   61%         5    ######.


Dungeon Overview and Level Annotations

Branches:
Dungeon (12/15)            Temple (1/1) D:4            Lair (1/6) D:11
    Orc (0/2) D:12          Sewer (visited)           IceCv (1/1)

Altars:
Ashenzari
Cheibriados
Dithmenos
Elyvilon
Fedhas
Gozag
Hepliaklqana
Kikubaaqudgha
Makhleb
Nemelex Xobeh
Okawaru
Qazlal
Ru
Sif Muna
Trog
Uskayaw
Vehumet
Wu Jian
Xom
Yredelemnul
Zin
The Shining One

Shops:
D:11 =

Annotations:
D:10 exclusion: two-headed ogre


Innate Abilities, Weirdness & Mutations

You cannot wear most types of armour.
You are very stealthy in the water. (Stealth+)
You are amphibious.
You can wear up to eight rings at the same time.
((You can use your tentacles to constrict eight enemies at once.))
((Your skin changes colour to match your surroundings (Stealth+).))
((Your rubbery body absorbs attacks. (AC +1, EV +1)))


Message History

The floor.
Okay, then.
Okay, then.
Press: ? - help, v - describe, . - travel
Here: a freezing wraith (lightly damaged)
The floor.
Okay, then.
You feel better.
Your ball python bites the freezing wraith but does no damage.
Your ball python closely misses the freezing wraith.
The freezing wraith hits you.
* * * LOW HITPOINT WARNING * * *
The freezing wraith freezes you. You resist.
* * * LOW HITPOINT WARNING * * *
The freezing wraith closely misses you.
Your ball python bites the freezing wraith but does no damage. x3
The freezing wraith hits you.
* * * LOW HITPOINT WARNING * * *
The freezing wraith freezes you. You resist.
You die...

.# .## ..## ...##
....## #### .....#
#### ##..##
....####..#####....##
.....##....##.S.....#
........#.....SWY.∩.#
.......###....S.....#
.....### ##..##....##
....## ######..##
.....# #### ....##
#..## ####


You could see a freezing wraith and 3 friendly ball pythons.

Vanquished Creatures
  Erica (D:10)
  A two-headed ogre (D:12)
  A wizard (D:11)
  Pikel (D:9)
  A cyclops (D:12)
  An ugly thing (D:11)
  A wolf spider simulacrum (IceCv)
  A troll (D:12)
  4 hippogriffs
  A vampire (D:10)
  2 wyverns
  A wraith (D:11)
  7 yaks
  A hungry ghost (D:11)
  Grum (D:9)
  A death yak simulacrum (IceCv)
  Edmund (D:5)
  2 acid dragons (D:11)
  A hornet zombie (D:7)
  9 ice beasts
  5 sky beasts
  3 orc warriors
  2 black bears
  4 phantoms
  An alligator simulacrum (IceCv)
  6 ogres
  6 centaurs
  A necrophage (D:9)
  4 wolves (D:9)
  3 crocodiles
  6 big kobolds (Sewer)
  7 bullfrogs
  A water moccasin zombie (D:8)
  A wyvern skeleton (D:8)
  5 scorpions
  13 killer bees
  2 howler monkeys
  5 crimson imps
  A bullfrog zombie (D:9)
  9 hounds
  3 jellies
  3 orc priests
  2 centaur skeletons
  3 bullfrog skeletons
  6 iguanas
  Natasha (thrice) (D:2)
  9 orc wizards
  7 worker ants
  A polar bear simulacrum (IceCv)
  2 worker ant zombies
  11 gnolls
  A river rat (Sewer)
  12 adders
  2 shadow imps
  5 white imps (IceCv)
  3 oozes
  An adder zombie (D:7)
  7 worms
  An adder skeleton (D:7)
  3 dart slugs
  3 leopard geckos
  30 orcs
  10 giant cockroaches
  7 goblins
  11 hobgoblins
  11 jackals
  9 quokkas
  10 ball pythons
  12 bats
  4 frilled lizards
  13 kobolds
  2 quokka skeletons
  12 rats
343 creatures vanquished.

Vanquished Creatures (others)
  Prince Ribbit (D:9)
  3 slaves (D:9)
  An orc priest (D:9)
  An orc wizard (D:9)
  A worker ant (D:9)
  2 orcs (D:9)
9 creatures vanquished.

Grand Total: 352 creatures vanquished

Notes
Turn   | Place    | Note
-------+----------+-------------------------------------------
     0 | D:1      | AlterAsc the Octopode Transmuter began the quest for the
                  | Orb.
     0 | D:1      | Reached XP level 1. HP: 13/13 MP: 3/3
   407 | D:1      | Reached XP level 2. HP: 14/18 MP: 5/5
   705 | D:1      | Reached XP level 3. HP: 6/23 MP: 6/6
   977 | D:1      | Learned a level 2 spell: Sticks to Snakes
   981 | D:1      | Learned a level 3 spell: Spider Form
  1522 | D:2      | Reached XP level 4. HP: 19/28 MP: 8/8
  1768 | D:2      | Noticed Natasha
  1781 | D:2      | Killed Natasha
  1976 | D:2      | Noticed Natasha
  1982 | D:2      | Killed Natasha
  1982 | D:2      | Reached XP level 5. HP: 23/33 MP: 9/9
  2307 | D:2      | Noticed Natasha
  2318 | D:2      | Killed Natasha
  2659 | D:2      | Learned a level 4 spell: Ice Form
  3054 | D:3      | Reached XP level 6. HP: 38/38 MP: 11/11
  3321 | D:4      | Noticed a wyvern
  3329 | D:4      | Killed a wyvern
  3329 | D:4      | Reached skill level 5 in Transmutations
  3329 | D:4      | Reached skill level 1 in Ice Magic
  3352 | D:4      | Found a staircase to the Ecumenical Temple.
  3635 | D:4      | Reached XP level 7. HP: 42/44 MP: 12/12
  3681 | Temple   | Entered the Ecumenical Temple
  3796 | Temple   | Became a worshipper of Sif Muna the Loreminder
  4086 | D:4      | Reached skill level 4 in Unarmed Combat
  4679 | D:4      | Found a shadowy altar of Dithmenos.
  4825 | D:5      | Entered Level 5 of the Dungeon
  4853 | D:5      | Found a glowing drain.
  4886 | Sewer    | Entered a sewer
  5078 | Sewer    | Reached * piety under Sif Muna
  5140 | Sewer    | Reached XP level 8. HP: 51/51 MP: 14/14
  5192 | Sewer    | Reached skill level 5 in Unarmed Combat
  5510 | D:5      | Found a white marble altar of Elyvilon.
  5520 | D:5      | Reached skill level 6 in Unarmed Combat
  5533 | D:5      | Found a stormy altar of Qazlal.
  5634 | D:5      | Reached ** piety under Sif Muna
  5731 | D:5      | Noticed Edmund
  5741 | D:5      | Killed Edmund
  5832 | D:5      | Reached skill level 5 in Spellcasting
  5832 | D:5      | Reached XP level 9. HP: 59/59 MP: 16/16
  6328 | D:6      | Reached skill level 5 in Fighting
  6392 | D:6      | Reached skill level 7 in Unarmed Combat
  6840 | D:6      | Found an ornate altar of the Wu Jian Council.
  7750 | D:7      | Reached skill level 8 in Unarmed Combat
  7865 | D:7      | Reached XP level 10. HP: 30/69 MP: 17/17
  9030 | D:8      | Reached *** piety under Sif Muna
  9080 | D:8      | Found a sparkling altar of Nemelex Xobeh.
  9634 | D:8      | Found a glowing silver altar of Zin.
  9634 | D:8      | Found a white marble altar of Elyvilon.
  9639 | D:8      | Found a bloodstained altar of Trog.
  9641 | D:8      | Found a basalt altar of Yredelemnul.
  9642 | D:8      | Found an iron altar of Okawaru.
  9677 | D:9      | Noticed Grum
  9693 | D:9      | Killed Grum
  9697 | D:9      | Reached skill level 9 in Unarmed Combat
 10079 | D:9      | Noticed Pikel
 10088 | D:9      | Killed Pikel
 10206 | D:9      | Killed Prince Ribbit
 10626 | D:10     | Entered Level 10 of the Dungeon
 10677 | D:9      | Reached XP level 11. HP: 49/77 MP: 18/18
 11040 | D:10     | Noticed Erica
 11265 | D:10     | Found an ornate altar of the Wu Jian Council.
 11277 | D:10     | Reached skill level 10 in Unarmed Combat
 11289 | D:10     | Reached **** piety under Sif Muna
 11481 | D:10     | Reached skill level 5 in Dodging
 11560 | D:10     | Noticed a two-headed ogre
 11908 | D:10     | Killed Erica
 11965 | D:11     | Found a glowing golden altar of the Shining One.
 12289 | D:11     | Noticed a red ugly thing
 12309 | D:11     | Killed a red ugly thing
 12645 | D:11     | Found Xoxerr's Jewellery Emporium.
 12845 | D:11     | Noticed a wizard
 12857 | D:11     | Killed a wizard
 12914 | D:11     | Found a staircase to the Lair.
 13039 | D:12     | Noticed a two-headed ogre
 13053 | D:12     | Killed a two-headed ogre
 13053 | D:12     | Reached skill level 10 in Fighting
 13053 | D:12     | Reached skill level 11 in Unarmed Combat
 13464 | D:12     | Noticed a cyclops
 13475 | D:12     | Killed a cyclops
 13818 | D:12     | Found a staircase to the Orcish Mines.
 14188 | D:12     | Reached XP level 12. HP: 88/88 MP: 19/19
 14294 | Lair:1   | Entered Level 1 of the Lair of Beasts
 14363 | Lair:1   | Found a frozen archway.
 14376 | IceCv    | Entered an ice cave
 14596 | IceCv    | Reached ***** piety under Sif Muna
 14649 | IceCv    | Identified Anko Jech's Catalogue of Creative Combat Magic
                  | (Sif Muna gifted it to you in an ice cave)
 14649 | IceCv    | Received a gift from Sif Muna
 14811 | IceCv    | HP: 4/106 [freezing wraith (6)]
 14816 | IceCv    | HP: 5/106 [freezing wraith (4)]
 14816 | IceCv    | HP: 1/106 [freezing wraith (4)]
 14816 | IceCv    | Slain by a freezing wraith

Levels and vault maps discovered:
D:1:      minmay_arrival_cross, layout_basic, corexii_item_surrounded_by_moat,
          grunt_decor_clamped
D:2:      layout_loops_ring, first_ration, minmay_indecisive_spiral,
          uniq_natasha
D:3:      layout_rooms, corexii_shack
D:4:      layout_loops_ring, grunt_dithmenos_shadows,
          minmay_temple_entry_crystal_x
D:5:      layout_loops_ring, cheibrodos_sewer_entry_sluice, basic_altar,
          grunt_qazlal_clouds, uniq_edmund
D:6:      layout_gridville, basic_altar, minmay_misc_feat_plants,
          chequers_serial_rivers_micro_d
D:7:      layout_loops_corners
D:8:      layout_rooms, chequers_temple_overflow_minitemple,
          nemelex_xobeh_ov_fountains_minmay
D:9:      layout_big_octagon, uniq_pikel, uniq_prince_ribbit1, uniq_grum
D:10:     layout_roguey, basic_altar, uniq_erica
D:11:     layout_roguey, lair_entry_dummy, basic_altar, serial_shops,
          nicolae_shop_competitors_out_of_business
D:12:     layout_gridville, orc_0_dummy, grunt_livestock
Temple:   regret_index_temple_generic_petals
Lair:1:   layout_gridlike, portal_ice_cave_entry_pillars_2, st_stairs_7,
          grunt_megastairs_1
IceCv:    ice_cave_small_necro

Skill      XL: |  1  2  3  4  5  6  7  8  9 10 11 |
---------------+----------------------------------+-----
Transmutations | 3 4 5 6 7 8 |  8.0
Spellcasting   | 3 4 5 |  5.0
Ice Magic      | 1 2 3 |  3.0
Fighting       | 2 4 6 8 10 | 10.7
Unarmed Combat | 4 6 8 9 11 | 11.5
Dodging        | 4 6 |  6.5

Action                   |  1- 3 |  4- 6 |  7- 9 | 10-12 || total
-------------------------+-------+-------+-------+-------++-------
Melee: Unarmed           |    91 |   116 |   306 |   450 ||   963
       Constrict         |    30 |    13 |     4 |     2 ||    49
       Tentacles         |     7 |    13 |     6 |       ||    26
       Punch             |     2 |     2 |     2 |       ||     6
       Kick              |    17 |       |       |       ||    17
 Cast: Beastly Appendage |    12 |       |       |       ||    12
       Spider Form       |       |    10 |     2 |       ||    12
       Ice Form          |       |       |    34 |    55 ||    89
       Sticks to Snakes  |       |       |       |    15 ||    15
  Use: Scroll            |       |     2 |     5 |     9 ||    16
       Potion            |       |       |       |     5 ||     5
 Stab: Sleeping          |     6 |     6 |     7 |       ||    19
       Distracted        |       |       |       |     3 ||     3
  Eat: Chunk             |     2 |     8 |    15 |    19 ||    44
       Ration            |       |       |     2 |     6 ||     8
Armor: Skin              |    10 |     2 |    52 |    97 ||   161
Dodge: Dodged            |    51 |    82 |   128 |   247 ||   508
